 Dungeon Crawl Stone Soup version 0.31.0-32-g396128a36d (webtiles) character file.

Game seed: 11622527628514548271

5327 Baz the Carver (level 10, -2/136 HPs)
             Began as a Minotaur Berserker on Mar 16, 2024.
             Was an Elder of Trog.
             Slain by a shadow (16 damage)
             ... on level 9 of the Dungeon.
             The game lasted 00:17:21 (6841 turns).

Baz the Carver (Minotaur Berserker)                 Turns: 6841, Time: 00:17:22

Health: -2/136     AC: 14    Str: 26    XL:     10   Next: 38%
Magic:  9/9        EV: 10    Int:  4    God:    Trog [****..]
Gold:   707        SH:  5    Dex: 10    Spells: 9/9 levels left

rFire   + . .        K - +0 scimitar
rCold   + + .        u - +0 buckler
rNeg    . . .        A - +0 chain mail
rPois   .            h - +1 hat
rElec   .            e - scarf {rC+ rF+}
rCorr   .            C - +0 pair of gloves
SInv    .            d - +0 pair of boots
Will    ++...        n - amulet of regeneration Stlth
                     l - ring of protection from cold
HPRegen 2.22/turn    (no ring)
MPRegen 0.11/turn

%: no passive effects
@: berserking, strong-willed, regenerating, very quick
A: horns 2, retaliatory headbutt
a: Renounce Religion, Berserk, Trog's Hand, Brothers in Arms


You were on level 9 of the Dungeon.
You worshipped Trog.
Trog was greatly pleased with you.
You visited 1 branch of the dungeon, and saw 9 of its levels.
You also visited: Bailey.

You collected 835 gold pieces.
You spent 128 gold pieces at shops.

Inventory:

Hand Weapons
 a - a +0 falchion
 K - a +0 scimitar (weapon)
Missiles
 F - 3 silver javelins (quivered)
 G - a throwing net
Armour
 d - a +0 pair of boots (worn)
 e - a scarf of resistance (worn)
 h - a +1 hat (worn)
 s - a +0 cloak
 u - a +0 buckler (worn)
 A - a +0 chain mail (worn)
 C - a +0 pair of gloves (worn)
Jewellery
 l - a ring of protection from cold (left hand)
 n - an amulet of regeneration (around neck)
 B - a ring of ice
Wands
 p - a wand of iceblast (5)
 z - a wand of polymorph (21)
Scrolls
 b - a scroll of fog
 c - 3 scrolls of noise
 g - a scroll of fear
 k - 3 scrolls of blinking
 m - 2 scrolls of teleportation
 o - 2 scrolls of identify
 t - 2 scrolls of revelation
 w - 2 scrolls of poison
 y - a scroll of amnesia
 D - a scroll of immolation {unknown}
 I - 3 scrolls of enchant armour {unknown}
Potions
 f - a potion of brilliance {unknown}
 i - 2 potions of heal wounds
 j - 2 potions of mutation {unknown}
 q - 2 potions of curing {unknown}
 r - a potion of invisibility
 v - a potion of lignification {unknown}
 x - a potion of berserk rage {unknown}
 E - a potion of magic {unknown}
 H - a potion of enlightenment {unknown}
 J - a potion of might {unknown}


   Skills:
 + Level 9.1 Fighting
 * Level 12.2 Long Blades
 + Level 8.6 Armour
 - Level 4.1 Dodging
 + Level 7.2 Shields


You had 9 spell levels left.
You didn't know any spells.
Your spell library was empty.

Dungeon Overview and Level Annotations

Branches:
Dungeon (9/15)             Temple (0/1) D:7          Bailey (visited)
   Lair: D:8-11         Orc: D:9-12

Altars:

Shops:
D:2 ?   D:3 !   D:6 *


Innate Abilities, Weirdness & Mutations

You have a pair of horns on your head.
You reflexively headbutt those who attack you in melee.


Message History

The manticore is almost dead.
You block the shadow's attack.
Unknown command.
Unknown command.
You hit the manticore but do no damage.
The manticore is almost dead.
The manticore bites you!
* * * LOW HITPOINT WARNING * * *
The manticore claws you but does no damage. x2
The shadow barely misses you.
Unknown command.
You hit the manticore but do no damage.
The manticore is almost dead.
The manticore bites you but does no damage.
The manticore claws you but does no damage.
The manticore barely misses you.
Unknown command.
A red film seems to cover your vision as you go berserk!
You feel yourself moving faster!
You feel mighty! The shadow hits you. The manticore bites you.
* * * LOW HITPOINT WARNING * * *
The manticore claws you but does no damage.
The manticore claws you.
* * * LOW HITPOINT WARNING * * *
You slash the manticore!
You kill the manticore!
Trog accepts your kill. The shadow barely misses you.
Unknown command.
You hit the shadow.
The shadow is lightly damaged.
You closely miss the shadow.
The shadow is lightly damaged.
The shadow slips into darkness.
The shadow flickers and vanishes!
Deactivating autopickup; reactivate with Ctrl-A.
You barely miss something. You hit something. Your headbutt misses something.
The shadow strikes at you from the darkness!
You die...

#........#
........#
##.......#
#........#
#........#
#........#
#..<...>.#
#.....{..#
##....@†.#
##......#
######.#
.# #


There were no monsters in sight!

Vanquished Creatures
  A manticore (D:9)
  Joseph (D:7)
  Grinder (D:3)
  A shadow (D:8)
  Duvessa (D:6)
  3 water moccasins
  4 orc warriors
  2 black bears
  An ice beast (D:6)
  2 sky beasts
  An ogre (D:6)
  2 centaurs
  10 kobold brigands
  2 bullfrogs
  2 gnoll sergeants
  3 scorpions
  4 wights (D:8)
  Dowan (D:6)
  5 killer bees (D:8)
  3 howler monkeys (D:8)
  2 hounds
  A bombardier beetle (D:3)
  A gnoll bouda (D:4)
  A jelly (D:7)
  Crazy Yiuf (D:3)
  5 orc priests
  3 iguanas
  5 orc wizards (D:7)
  2 sleepcaps
  3 hell rats (D:7)
  14 gnolls
  9 river rats (D:7)
  7 adders
  8 ufetubi
  2 ribbon worms
  3 dart slugs
  28 orcs
  3 bats
  8 endoplasms
  4 giant cockroaches
  8 goblins
  3 hobgoblins
  3 jackals (D:2)
  32 kobolds
  11 quokkas
  A ball python (D:4)
  2 frilled lizards (D:1)
  14 rats
234 creatures vanquished.

Notes
Turn   | Place    | Note
-------+----------+-------------------------------------------
     0 | D:1      | Baz the Minotaur Berserker began the quest for the Orb.
     0 | D:1      | Reached XP level 1. HP: 19/19 MP: 0/0
   671 | D:2      | Reached XP level 2. HP: 26/27 MP: 1/1
   705 | D:2      | Reached skill level 4 in Long Blades
  1030 | D:2      | Found Utuirif's Magic Scroll Shop.
  1038 | D:2      | Bought a scroll of identify for 24 gold pieces
  1066 | D:2      | Reached XP level 3. HP: 33/33 MP: 2/2
  1625 | D:3      | Noticed Grinder
  1674 | D:3      | Found Zarphuahe's Distillery.
  1877 | D:3      | Bought a potion of invisibility for 104 gold pieces
  1960 | D:3      | Found a runed translucent door.
  1961 | D:3      | Noticed Crazy Yiuf
  2005 | D:3      | Killed Crazy Yiuf
  2006 | D:3      | Reached XP level 4. HP: 40/40 MP: 3/3
  2323 | D:4      | Reached skill level 5 in Long Blades
  2327 | D:4      | Reached XP level 5. HP: 39/47 MP: 4/4
  2484 | D:4      | Reached XP level 6. HP: 55/55 MP: 5/5
  2487 | D:4      | Reached skill level 6 in Long Blades
  2539 | D:4      | Reached ** piety under Trog
  2576 | D:4      | Reached skill level 5 in Fighting
  2825 | D:5      | Entered Level 5 of the Dungeon
  2907 | D:5      | Reached XP level 7. HP: 58/61 MP: 6/6
  3032 | D:5      | Reached skill level 1 in Shields
  3036 | D:5      | Reached skill level 7 in Long Blades
  3056 | D:5      | Reached skill level 5 in Armour
  3730 | D:6      | Found Jieb's Assorted Antiques.
  3749 | D:6      | Noticed Dowan
  3750 | D:6      | Noticed Duvessa
  3841 | D:6      | Reached skill level 8 in Long Blades
  3841 | D:6      | Reached XP level 8. HP: 70/70 MP: 7/7
  4048 | D:6      | Killed Duvessa
  4053 | D:6      | Killed Dowan
  4247 | D:6      | Reached skill level 9 in Long Blades
  4508 | D:7      | Reached *** piety under Trog
  4509 | D:7      | Reached XP level 9. HP: 76/79 MP: 8/8
  4536 | D:7      | Found a flagged portal.
  4551 | Bailey   | Entered a bailey
  4697 | Bailey   | Reached skill level 10 in Long Blades
  4697 | Bailey   | Reached skill level 5 in Shields
  4748 | Bailey   | Found a bloodstained altar of Trog.
  5138 | D:7      | Identified the +1 scale mail of Glamorous the Good {rPois
                  | Int+2}
  5159 | D:7      | Found a staircase to the Ecumenical Temple.
  5201 | D:7      | Noticed Joseph
  5221 | D:7      | Killed Joseph
  5241 | D:7      | Reached skill level 11 in Long Blades
  5391 | D:7      | Reached **** piety under Trog
  5759 | D:3      | Killed Grinder
  5966 | D:8      | Reached XP level 10. HP: 85/90 MP: 9/9
  6404 | D:8      | Reached skill level 12 in Long Blades
  6822 | D:9      | Noticed a manticore
  6837 | D:9      | Killed a manticore
  6841 | D:9      | Slain by a shadow

Illustrated notes

Levels and vault maps discovered:
D:1:      dpeg_arrival_arbitrary_c, layout_basic
D:2:      layout_loops_corners, serial_shops, shop
D:3:      layout_basic, serial_shops, nicolae_shop_industrial_runoff,
          eino_tiny_chamber, uniq_crazy_yiuf_cottage, uniq_grinder
D:4:      layout_basic, chequers_mini_garden
D:5:      layout_loops_ring, serial_bayou_pond_b, st_stairs_12,
          eino_small_chamber_without_monster
D:6:      layout_rooms, serial_shops, shop, st_stairs_7, hangedman_glass_teeth,
          uniq_duvessa
D:7:      lemuel_ratsnest, layout_basic, minmay_temple_entry_overgrown,
          enter_bailey_3, uniq_joseph
D:8:      layout_basic
D:9:      layout_rooms, zombieorc2_lemuel, patterned_corridor

Skill      XL: |  1  2  3  4  5  6  7  8  9 10 |
---------------+-------------------------------+-----
Long Blades    | 4 5 6 8 9 11 12 | 12.2
Fighting       | 4 5 6 7 8 9 |  9.1
Armour         | 3 4 5 6 8 |  8.6
Dodging        | 3 4 |  4.1
Shields        | 2 4 6 7 |  7.2

Action                     |  1- 3 |  4- 6 |  7- 9 | 10-12 || total
---------------------------+-------+-------+-------+-------++-------
  Melee: Falchion          |    97 |   110 |   485 |   128 ||   820
         Headbutt          |    17 |    25 |    79 |    27 ||   148
         Punch             |       |     1 |       |       ||     1
         Unarmed           |       |       |     2 |       ||     2
         Scimitar          |       |       |       |    17 ||    17
 Invoke: Berserk           |     1 |     3 |     3 |     1 ||     8
         Trog's Hand       |       |       |     5 |     2 ||     7
  Evoke: Wand              |       |     1 |     9 |       ||    10
    Use: Scroll            |     3 |       |     6 |       ||     9
 Armour: Animal skin       |     9 |       |       |       ||     9
         Ring mail         |    53 |    94 |    81 |       ||   228
         Chain mail        |       |       |   271 |   116 ||   387
  Dodge: Dodged            |    64 |    62 |   248 |    51 ||   425
  Block: Buckler           |       |       |    71 |    22 ||    93
